 Dungeon Crawl Stone Soup version 0.31.0-2-g5a2aebc5c2 (webtiles) character file.

Game seed: 9247611063156985248

43 Monkooky the Magician (level 3, -4/14 HPs)
             Began as a Vine Stalker Alchemist on Jan 20, 2024.
             Was a Believer of Hepliaklqana.
             Killed from afar by Sigmund (10 damage)
             ... with a puff of flame
             ... on level 2 of the Dungeon.
             The game lasted 00:02:46 (1199 turns).

Monkooky the Magician (Vine Stalker Alchemist)      Turns: 1199, Time: 00:02:47

Health: -4/14      AC:  2    Str: 10    XL:     3   Next: 58%
Magic:  0/9        EV: 12    Int: 17    God:    Hepliaklqana [**....]
Gold:   58         SH:  0    Dex: 14    Spells: 5/9 levels left

rFire   . . .        d - +0 whip (venom)
rCold   . . .        (no shield)
rNeg    . . .        a - +0 robe
rPois   .            (no helmet)
rElec   .            (no cloak)
rCorr   .            (no gloves)
SInv    .            (no boots)
Will    .....        (no amulet)
Stlth   ++           (no ring)
HPRegen 1.02/turn    (no ring)
MPRegen 0.11/turn

%: guardian spirit
@: no status effects
A: reduced essence, fangs 2, regeneration 1, magic shield, antimagic bite, no
potion heal 2
a: Renounce Religion, Recall Ancestor, Ancestor Identity


You were on level 2 of the Dungeon.
You worshipped Hepliaklqana.
Hepliaklqana was pleased with you.
You visited 1 branch of the dungeon, and saw 2 of its levels.

You collected 58 gold pieces.

Inventory:

Hand Weapons
 d - a +0 whip of venom (weapon)
 l - a +2 dagger of holy wrath
Armour
 a - a +0 robe (worn)
 c - a +0 pair of gloves
Scrolls
 f - 3 scrolls of poison {unknown}
 g - a scroll of silence {unknown}
 h - a scroll of amnesia {unknown}
 j - a scroll of vulnerability {unknown}
 k - a scroll of identify {unknown}
 n - a scroll of teleportation {unknown}
Potions
 b - a potion of magic
 e - a potion of ambrosia {unknown}
 i - a potion of lignification {unknown}
 m - a potion of brilliance {unknown}


   Skills:
 - Level 1.6 Dodging
 - Level 2.5 Stealth
 + Level 3.8 Spellcasting
 - Level 1.0 Conjurations
 - Level 3.0 Alchemy


You had 5 spell levels left.
You knew the following spells:

 Your Spells              Type           Power      Damage    Failure   Level
a - Sting                 Conj/Alch      40%        1d5       7%          1
b - Mephitic Cloud        Conj/Alch/Air  7%         N/A       26%         3

Your spell library contained the following spells:

 Spells                   Type           Power      Damage    Failure   Level
 Kiss of Death            Conj/Necr      20%        2d7       13%         1
 Mercury Vapours          Alch/Air       16%        N/A       13%         2
 Olgreb's Toxic Radiance  Alch           13%        N/A       41%         4
 Confusing Touch          Hex            3%         N/A       43%         3
 Sticky Flame             Fire/Alch      8%         2d4       65%         4
 Dispel Undead            Necr           3%         3d7       85%         4


Dungeon Overview and Level Annotations

Branches:
Dungeon (2/15)

Altars:
Hepliaklqana

Shops:
D:1 :

Annotations:
D:2 Sigmund


Innate Abilities, Weirdness & Mutations

Your life essence is reduced to manifest your ancestor. (-10% HP)
You have extremely sharp teeth.
Your natural rate of healing is unusually fast.
When hurt, damage is shared between your health and your magic reserves.
Your bite disrupts and absorbs the magic of your enemies.
Potions cannot restore your health.


Message History

No target in view!
A hobgoblin comes into view.
A hobgoblin is nearby!
The sting hits the hobgoblin.
The hobgoblin is poisoned.
The hobgoblin is moderately wounded.
The sting hits the hobgoblin.
The hobgoblin looks even sicker.
You kill the hobgoblin!
You swap places.
Things that are here:
a +0 short sword; 5 stones As you open the door, it creaks loudly!
There is an open door here.
Found a stone staircase leading down.
A giant cockroach comes into view.
You can't see any susceptible monsters within range! (Use Z to cast anyway.)
The giant cockroach bites Edmée but does no damage.
Edmée avoids your attack.
The sting hits the giant cockroach.
The giant cockroach is poisoned.
The giant cockroach is heavily wounded.
Edmée hits the giant cockroach with a +0 flail!
The giant cockroach dies!
You swap places.
There is a stone staircase leading down here.
Sigmund the Dreaded comes into view.
He is wielding a +2 scythe of freezing.
Sigmund shouts!
Sigmund points at you and mumbles some strange words.
The puff of flame hits you!
The sting hits Sigmund.
Sigmund is poisoned.
Sigmund is lightly wounded.
Sigmund points at you and mumbles some strange words.
The magic dart hits you!
Ouch! That really hurt!
* * * LOW HITPOINT WARNING * * *
Unknown command.
Edmée hits Sigmund with a +0 flail.
Sigmund gestures at you while chanting. The puff of flame hits you!
Ouch! That really hurt!
You die...
Sigmund begins carving another notch in his scythe.

### ######.####
#.........# #.@R.##.#
#.#...#.# #######
#.###@#.####.....# ##
#....>#...##.....# ..
#####...####.....# #.
#..#.#..+....[# #.
#.......#.....# #.
#.##.#..'..)..#.##.
#....#..#.....#....
####.##.#.###.####.
#....................


You could see the friendly Edmée the knight and Sigmund (poisoned, ally target).

Vanquished Creatures
  An adder (D:2)
  A dart slug (D:1)
  A ribbon worm (D:2)
  2 ball pythons (D:1)
  2 endoplasms
  4 goblins
  3 hobgoblins (D:2)
  3 kobolds (D:2)
  A quokka (D:2)
  4 frilled lizards (D:1)
  3 rats
25 creatures vanquished.

Vanquished Creatures (collateral kills)
  A dart slug (D:2)
  A giant cockroach (D:2)
  A kobold (D:1)
3 creatures vanquished.

Vanquished Creatures (others)
  2 ancestors (D:2)
2 creatures vanquished.

Grand Total: 30 creatures vanquished

Notes
Turn   | Place    | Note
-------+----------+-------------------------------------------
     0 | D:1      | Monkooky the Vine Stalker Alchemist began the quest for the
                  | Orb.
     0 | D:1      | Reached XP level 1. HP: 9/9 MP: 4/4
    54 | D:1      | Found a faded altar of an unknown god.
    65 | D:1      | Prayed at the altar of an unknown god.
    65 | D:1      | Became a worshipper of Hepliaklqana the Forgotten
    65 | D:1      | Reached * piety under Hepliaklqana
   220 | D:1      | Reached XP level 2. HP: 11/11 MP: 6/6
   476 | D:1      | Found Gofruokla's Book Shoppe.
   844 | D:2      | Reached XP level 3. HP: 10/14 MP: 3/8
   848 | D:2      | Learned a level 3 spell: Mephitic Cloud
  1013 | D:2      | Reached ** piety under Hepliaklqana
  1014 | D:2      | Remembered your ancestor Edmée as a knight
  1196 | D:2      | Noticed Sigmund
  1199 | D:2      | Killed from afar by Sigmund

Illustrated notes

Levels and vault maps discovered:
D:1:      amcnicky_arrival_gap_in_the_tavern_cellar, layout_basic,
          chequers_ecumenical_altar_island, serial_shops, shop
D:2:      layout_basic, minmay_misc_feat_rugged, minmay_misc_feat_nine_boxes,
          minmay_misc_feat_room, uniq_sigmund

Skill      XL: |  1  2 |
---------------+-------+-----
Spellcasting   | 3 |  3.8
Dodging        | |  1.6
Stealth        | |  2.5
Conjurations   | |  1.0
Alchemy        | |  3.0

Action                     || total
---------------------------++-------
  Melee: Whip              ||    14
         Bite              ||     2
   Cast: Sting             ||    39
 Invoke: Ancestor Life: Kn ||     1
 Armour: Robe              ||    10
  Dodge: Dodged            ||     7
